 Dungeon Sprint DCSS version 0.19-a0-1513-gf6d23ed (webtiles) character file.

30021 poirepourri the Ninja (level 13, -22/63 HPs)
             Began as a Spriggan Enchanter on Sept 12, 2016.
             Was the Champion of Dithmenos.
             Killed from afar by Boris (44 damage)
             ... with a bolt of cold
             ... in the Dungeon (Sprint VII: "The Pits").
             The game lasted 00:12:13 (3821 turns).

poirepourri the Ninja (Spriggan Enchanter)          Turns: 3821, Time: 00:12:14

Health: -22/63     AC:  4    Str:  7    XL:     13   Next: 18%
Magic:  28/37      EV: 32    Int: 21    God:    Dithmenos [******]
Gold:   71         SH:  0    Dex: 20    Spells: 5 memorised, 38 levels left

rFire  . . .     SeeInvis +     u - +4 rapier (drain)
rCold  . . .     Gourm    .     b - +2 robe
rNeg   . . .     Faith    .     (shield restricted)
rPois  .         Spirit   .     (helmet restricted)
rElec  .         Dismiss  .     (no cloak)
rCorr  .         Reflect  .     (gloves unavailable)
MR     ++...     Harm     .     (boots unavailable)
Stlth  ++++++++++ NoTele   +    (no amulet)
                                j - +3 ring of strength
                                q - +3 ring of intelligence

@: very slightly contaminated, wreathed by umbra, studying Armour, very quick
A: unfitting armour, see invisible, herbivore 3, speed 3, slow metabolism 2
a: Shadow Step, Shadow Form, Renounce Religion


You were in the Dungeon.
You worshipped Dithmenos.
Dithmenos was exalted by your worship.
You were full.

You visited 1 branch You collected 71 gold pieces.

Inventory:

Hand Weapons
 a - a +1 dagger
 k - a +2 dagger
 u - a +4 rapier of draining (weapon)
Armour
 b - a +2 robe (worn)
Jewellery
 j - a +3 ring of strength (right hand)
 q - a +3 ring of intelligence (left hand)
 y - an uncursed ring of fire
 A - an uncursed ring of protection from fire
Wands
 v - a wand of lightning (5/15)
Scrolls
 m - 3 scrolls of remove curse
 n - 5 scrolls of amnesia
 B - 3 scrolls of fog
 C - a scroll of holy word
 D - a scroll of blinking
 G - 3 scrolls of enchant armour
Potions
 e - 7 potions of curing
 f - 13 potions of heal wounds
 h - 3 potions of magic
 i - 3 potions of berserk rage
 l - 2 potions of invisibility
 r - 3 potions of brilliance
 s - a potion of resistance
 t - a potion of might
 F - a potion of agility
Books
 c - a book of Maledictions

   Spells                             Type                      Level
   a - Corona                         Hexes                        1
   b - Ensorcelled Hibernation        Hexes/Ice                    2
   c - Confuse                        Hexes                        3
   d - Tukima's Dance                 Hexes                        3
   e - Dazzling Spray                 Conjuration/Hexes            3
 w - a book of Frost

   Spells                             Type                      Level
   a - Freeze                         Ice                          1
   b - Throw Frost                    Conjuration/Ice              2
   c - Ozocubu's Armour               Charms/Ice                   3
   d - Throw Icicle                   Conjuration/Ice              4
   e - Summon Ice Beast               Ice/Summoning                4
 x - a manual of Armour
Comestibles
 d - 9 bread rations
 o - a royal jelly
 p - 39 fruits


   Skills:
 + Level 4.6 Fighting
 + Level 10.4 Short Blades
 + Level 15.0 Dodging
 O Level 27 Stealth
 + Level 19.2 Spellcasting
 * Level 3.5 Conjurations
 + Level 19.4 Hexes
 - Level 4.2 Ice Magic
 - Level 0.2 Invocations


You had 38 spell levels left.
You knew the following spells:

 Your Spells              Type           Power        Failure   Level  Hunger
a - Corona                Hex            #######      0%          1    None
b - Ensorcelled Hibernat  Hex/Ice        ######       1%          2    None
c - Confuse               Hex            #######.     0%          3    None
d - Tukima's Dance        Hex            #######.     0%          3    None
e - Dazzling Spray        Conj/Hex       ######       1%          3    None


Dungeon Overview and Level Annotations

Branches:
Dungeon (1/1)

Altars:
Ashenzari
Cheibriados
Dithmenos
Elyvilon
Fedhas
Gozag
Hepliaklqana
Kikubaaqudgha
Makhleb
Nemelex Xobeh
Okawaru
Qazlal
Ru
Sif Muna
Trog
Uskayaw
Vehumet
Xom
Yredelemnul
Zin
The Shining One
Beogh
Jiyva
Lugonu

Annotations:
D Boris, Mennas


Innate Abilities, Weirdness & Mutations

You are tiny and cannot use many weapons and most armour.
You have supernaturally acute eyesight. (SInv)
You are a herbivore.
You cover ground extremely quickly.
You need consume almost no food.


Message History

Things that are here:
a war axe; a plate armour Boris launches a ball of destructive magic.
An orb of destruction comes into view.
Mennas becomes audible again.
The orb of destruction hits a metal wall.
Things that are here:
a war axe; a runed plate armour; a shield Boris points at you and mumbles some strange words.
The iron shot hits you!
Ouch! That really hurt!
You emit a cloud of dark smoke.
Blink to where?
Press: ? - help, Dir - move target cursor, p - Mennas You are very lightly contaminated with residual magic.
As you read the scroll of blinking, it crumbles to dust.
Boris casts a spell at you. The bolt of cold hits you!
Ouch! That really hurt!
You die...

___##....................##
___###########++##########
##'###########++##########
)#.##................##..#
)§§##.)....#..#.....L##§§#
##§##................''§§#
..).'................'§§§########
#####......#..#......##§§.A.)....
#).##...).......@....##..........
'..#####'#####''#################
#'###.......##''################
...##.......##...)##..'...##...##
...##.......##...##...#..##......
#####...<...##..##...##..#.......
)[.##...(...##..#...##...+.....).
)[.##.......##..'..##....###.....
#####.......##(##..#......[###...


You could see Boris.

Vanquished Creatures
  Frances (D)
  A greater naga (D)
  2 orc warlords (D)
  A cacodemon (D)
  A vampire knight (D)
  A green death (D)
  A minotaur (D)
  A great orb of eyes (D)
  A catoblepas (D)
  2 death yaks (D)
  A deep elf knight (D)
  A sun demon (D)
  A sixfirhy (D)
  A swamp dragon (D)
  A hill giant (D)
  A wolf spider (D)
  6 orc knights (D)
  A deep elf mage (D)
  A necromancer (D)
  A hornet (D)
  2 lindwurms (D)
  A cyclops (D)
  A hornet (shapeshifter) (D)
  A griffon (D)
  Maurice (D)
  Psyche (D)
  2 gargoyles (D)
  2 smoke demons (D)
  A spiny frog (D)
  A rime drake (D)
  An efreet (D)
  A komodo dragon (D)
  A freezing wraith (D)
  A yaktaur (D)
  2 guardian mummies (D)
  A polar bear (shapeshifter) (D)
  A jumping spider (D)
  A troll (D)
  Grinder (D)
  Prince Ribbit (D)
  A giant leech (D)
  6 dream sheep (D)
  2 redbacks (D)
  4 yaks (D)
  2 fire bats (D)
  A ynoxinul (D)
  A shadow (D)
  A steam dragon (D)
  A basilisk (D)
  A hippogriff (D)
  A soldier ant (D)
  An orc warrior (D)
  2 giant eyeballs (D)
  A sky beast (D)
  A wasp (D)
  A black bear (D)
  An ogre (D)
  A centaur (D)
  7 wolves (D)
  A giant frog (D)
  An orc priest (D)
  An iron imp (D)
  2 orc wizards (D)
  An adder (D)
  An ooze (D)
  An adder zombie (D)
  3 adder skeletons (D)
  A giant gecko (D)
  5 orcs (D)
  A bat zombie (D)
  3 giant cockroaches (D)
  2 goblins (D)
  A hobgoblin (D)
  2 jackals (D)
  2 bats (D)
  A bat simulacrum (D)
  3 giant cockroach zombies (D)
  A kobold (D)
  A quokka zombie (D)
  A rat (D)
122 creatures vanquished.

Vanquished Creatures (others)
  An orc (D)
1 creature vanquished.

Grand Total: 123 creatures vanquished

Notes
Turn   | Place    | Note
-------+----------+-------------------------------------------
     0 | D        | poirepourri the Spriggan Enchanter began the quest for the Orb.
     0 | D        | Reached XP level 1. HP: 9/9 MP: 5/5
    13 | D        | Noticed a giant eyeball
    21 | D        | Paralysed by a giant eyeball for 4 turns
    25 | D        | Killed a giant eyeball
    25 | D        | Reached skill level 8 in Stealth
    25 | D        | Reached XP level 2. HP: 13/13 MP: 5/8
    25 | D        | Reached XP level 3. HP: 16/16 MP: 6/10
    25 | D        | Reached XP level 4. HP: 21/21 MP: 6/11
    60 | D        | Found a radiant altar of Vehumet.
    60 | D        | Found a hide-covered altar of Uskayaw.
    60 | D        | Found an ancient bone altar of Kikubaaqudgha.
    60 | D        | Found a viscous altar of Jiyva.
    60 | D        | Found a hazy altar of Hepliaklqana.
    61 | D        | Found a bloodstained altar of Trog.
    61 | D        | Found a deep blue altar of Sif Muna.
    61 | D        | Found a sacrificial altar of Ru.
    61 | D        | Found a stormy altar of Qazlal.
    61 | D        | Found an iron altar of Okawaru.
    61 | D        | Found a sparkling altar of Nemelex Xobeh.
    61 | D        | Found an opulent altar of Gozag.
    61 | D        | Found a blossoming altar of Fedhas.
    61 | D        | Found a white marble altar of Elyvilon.
    61 | D        | Found a shadowy altar of Dithmenos.
    61 | D        | Found a snail-covered altar of Cheibriados.
    62 | D        | Found a glowing golden altar of the Shining One.
    62 | D        | Found a glowing silver altar of Zin.
    63 | D        | Found a burning altar of Makhleb.
    63 | D        | Found a basalt altar of Yredelemnul.
    63 | D        | Found a roughly hewn altar of Beogh.
    64 | D        | Found a corrupted altar of Lugonu.
    64 | D        | Found a shimmering altar of Xom.
    64 | D        | Found a shattered altar of Ashenzari.
    74 | D        | Became a worshipper of Dithmenos the Shadowed
   100 | D        | Reached * piety under Dithmenos
   100 | D        | Reached skill level 5 in Spellcasting
   106 | D        | Reached skill level 5 in Dodging
   106 | D        | Reached skill level 9 in Stealth
   130 | D        | Reached ** piety under Dithmenos
   135 | D        | Learned a level 2 spell: Ensorcelled Hibernation
   139 | D        | Learned a level 3 spell: Confuse
   143 | D        | Learned a level 3 spell: Tukima's Dance
   147 | D        | Learned a level 3 spell: Dazzling Spray
   164 | D        | Noticed a giant frog
   164 | D        | Noticed an ogre
   166 | D        | Noticed a deep elf mage
   193 | D        | Killed an ogre
   193 | D        | Reached skill level 11 in Stealth
   193 | D        | Reached XP level 5. HP: 24/24 MP: 10/14
   197 | D        | Killed a deep elf mage
   197 | D        | Reached *** piety under Dithmenos
   197 | D        | Reached skill level 15 in Stealth
   197 | D        | Reached XP level 6. HP: 28/28 MP: 8/17
   197 | D        | Reached XP level 7. HP: 32/32 MP: 8/19
   215 | D        | Reached **** piety under Dithmenos
   352 | D        | Noticed Prince Ribbit
   354 | D        | Killed Prince Ribbit
   354 | D        | Reached skill level 16 in Stealth
   354 | D        | Reached skill level 1 in Ice Magic
   356 | D        | Noticed a troll
   358 | D        | Killed a troll
   358 | D        | Reached skill level 17 in Stealth
   358 | D        | Reached XP level 8. HP: 36/36 MP: 21/21
   379 | D        | Reached ***** piety under Dithmenos
   521 | D        | Noticed Grinder
   521 | D        | Noticed a smoke demon
   532 | D        | Killed Grinder
   545 | D        | Reached skill level 18 in Stealth
   550 | D        | Killed a smoke demon
   550 | D        | Reached skill level 10 in Spellcasting
   725 | D        | Reached XP level 9. HP: 39/39 MP: 24/24
   773 | D        | Noticed a cyclops
   774 | D        | Noticed Maurice
   777 | D        | Killed Maurice
   777 | D        | Reached ****** piety under Dithmenos
   783 | D        | Killed a cyclops
   783 | D        | Reached skill level 19 in Stealth
   787 | D        | Noticed a spiny frog
   787 | D        | Noticed a sixfirhy
   792 | D        | Killed a sixfirhy
   792 | D        | Reached skill level 5 in Short Blades
   792 | D        | Reached skill level 10 in Dodging
   792 | D        | Reached skill level 20 in Stealth
   798 | D        | Killed a spiny frog
   818 | D        | Reached skill level 21 in Stealth
   818 | D        | Reached XP level 10. HP: 44/44 MP: 23/27
   834 | D        | Reached skill level 22 in Stealth
  1053 | D        | Noticed a greater naga
  1076 | D        | Noticed Psyche
  1076 | D        | Noticed a gargoyle
  1079 | D        | Killed Psyche
  1081 | D        | Killed a gargoyle
  1081 | D        | Reached skill level 23 in Stealth
  1092 | D        | Noticed a wolf spider
  1172 | D        | Noticed a swamp dragon
  1175 | D        | Killed a wolf spider
  1180 | D        | Killed a swamp dragon
  1180 | D        | Reached skill level 24 in Stealth
  1184 | D        | Killed a greater naga
  1184 | D        | Reached skill level 15 in Hexes
  1184 | D        | Reached XP level 11. HP: 47/47 MP: 24/29
  1253 | D        | Noticed a lindwurm
  1254 | D        | Noticed a death yak
  1584 | D        | Reached skill level 25 in Stealth
  1591 | D        | Noticed a griffon
  1593 | D        | Noticed Frances
  1593 | D        | Noticed a green death
  1595 | D        | Killed a green death
  1595 | D        | Reached skill level 26 in Stealth
  1596 | D        | Noticed a minotaur
  1598 | D        | Killed a griffon
  1600 | D        | Noticed a necromancer
  1601 | D        | Killed Frances
  1601 | D        | Reached skill level 1 in Fighting
  1601 | D        | Reached skill level 27 in Stealth
  1603 | D        | Killed a necromancer
  1604 | D        | Noticed a catoblepas
  1606 | D        | Killed a catoblepas
  1607 | D        | Noticed a lindwurm
  1607 | D        | Noticed a cacodemon
  1608 | D        | Killed a minotaur
  1608 | D        | Reached skill level 15 in Spellcasting
  1609 | D        | Killed a cacodemon
  1609 | D        | Reached XP level 12. HP: 55/55 MP: 30/32
  1622 | D        | Noticed a great orb of eyes
  1766 | D        | Killed a great orb of eyes
  1919 | D        | Reached skill level 1 in Conjurations
  2038 | D        | Killed a death yak
  2382 | D        | Noticed a death yak
  2412 | D        | Killed a death yak
  2577 | D        | Reached skill level 10 in Short Blades
  2618 | D        | Noticed an orc warlord
  2668 | D        | Noticed an orc warlord
  2813 | D        | Killed an orc warlord
  3039 | D        | Reached XP level 13. HP: 40/63 MP: 29/36
  3248 | D        | Killed an orc warlord
  3404 | D        | Noticed Mennas
  3404 | D        | Noticed Boris
  3709 | D        | Noticed a vampire knight
  3728 | D        | Killed a vampire knight
  3728 | D        | Reached skill level 15 in Dodging
  3821 | D        | Killed from afar by Boris

Vault maps used:
D:        pitsprint

Skill      XL: |  1  2  3  4  5  6  7  8  9 10 11 12 13 |
---------------+----------------------------------------+-----
Short Blades   | 2 3 4 5 7 8 10 | 10.4
Dodging        | 4 6 7 8 9 10 12 14 15 | 15.0
Stealth        | 8 11 15 17 18 21 24 27 | 27.0
Spellcasting   | 4 5 7 8 10 12 13 15 18 19 | 19.2
Hexes          | 7 9 11 12 13 15 16 18 19 | 19.4
Ice Magic      | 1 3 4 |  4.2
Fighting       | 3 4 |  4.6
Conjurations   | 2 3 |  3.5
Invocations    | |  0.2

Action                   |  1- 3 |  4- 6 |  7- 9 | 10-12 | 13-15 || total
-------------------------+-------+-------+-------+-------+-------++-------
Melee: Dagger            |     8 |    18 |    30 |       |       ||    56
       Rapier            |       |       |    11 |   120 |    15 ||   146
 Cast: Ensorcelled Hiber |       |     3 |    18 |    65 |     8 ||    94
       Corona            |       |     1 |       |       |       ||     1
       Confuse           |       |       |     3 |    13 |     1 ||    17
       Dazzling Spray    |       |       |       |    32 |    20 ||    52
Invok: Shadow Step       |       |       |       |     2 |       ||     2
  Use: Scroll            |       |       |     1 |     5 |     1 ||     7
       Potion            |       |       |       |     6 |     5 ||    11
 Stab: Sleeping          |       |     8 |    19 |    71 |     1 ||    99
       Confused          |       |       |     3 |     7 |       ||    10
       Invisible         |       |       |       |     4 |     3 ||     7
  Eat: Bread ration      |       |     1 |       |       |       ||     1
       Fruit             |       |     1 |       |       |       ||     1
Armor: Robe              |       |       |     1 |     2 |       ||     3
Dodge: Dodged            |       |    13 |    31 |   103 |    15 ||   162
